 Dungeon Crawl Stone Soup version 0.15.1-1-gfacfea3 (webtiles) character file.

2062 jlowcs the Cleaver (level 9, 0/78 HPs)
             Began as a Minotaur Berserker on Sept 19, 2014.
             Was a Priest of Trog.
             Slain by a killer bee (6 damage)
             ... on Level 7 of the Dungeon on Sept 20, 2014.
             The game lasted 01:30:37 (7466 turns).

jlowcs the Cleaver (Minotaur Berserker)             Turns: 7466, Time: 01:30:37

HP   0/78        AC 10     Str 25      XL: 9   Next:  5%
MP   0/4         EV  8     Int  4      God: Trog [***...]
Gold 292         SH  0     Dex 10      Spells:  0 memorised,  8 levels left

rFire  . . .     SeeInvis .     F - +1 war axe
rCold  . . .     Clarity  .     f - +0 chain mail
rNeg   . . .     rCorr    .     (no shield)
rPois  .         rRot     .     (helmet restricted)
rElec  .         Spirit   +     (no cloak)
SustAb .         Warding  .     (no gloves)
rMut   .         Stasis   .     (no boots)
Gourm  .                        H - amulet of guardian spirit
MR     .....                    (no ring)
                                (no ring)

@: lethally poisoned, vulnerable, very slightly contaminated, hasted, very
quick, not resistant to hostile enchantments, extremely unstealthy
A: retaliatory headbutt, horns 2
a: Burn Spellbooks, Berserk, Trog's Hand, Renounce Religion


You were on level 7 of the Dungeon.
You worshipped Trog.
Trog was most pleased with you.
You were hungry.

You visited 2 branches of the dungeon, and saw 8 of its levels.

You collected 292 gold pieces.

Inventory:

Hand weapons
 n - a +0 shortbow
 u - a +0 hunting sling
 z - a +0 spear
 E - a +0 mace
 F - a +1 war axe (weapon)
 V - a +0 trident
Missiles
 b - 25 bolts
 d - 9 arrows of frost
 e - 45 arrows
 l - 172 stones (quivered)
 m - 4 arrows of flame
 A - 16 poisoned needles
 N - 10 silver sling bullets
 R - 13 sling bullets
 U - 7 tomahawks of returning
Armour
 f - a +0 chain mail (worn)
 i - a +0 buckler
 q - a +1 scale mail
Comestibles
 c - 7 bread rations
 o - 5 meat rations
Scrolls
 h - 2 scrolls of magic mapping
 k - 5 scrolls of identify
 v - a scroll of enchant weapon
 K - a scroll of blinking
 O - 2 scrolls of remove curse
 Q - a scroll of amnesia
Jewellery
 H - an amulet of guardian spirit (around neck)
Potions
 a - a potion of heal wounds {unknown}
 j - a potion of curing
 r - a potion of lignification {unknown}
 D - a potion of haste
 L - 3 potions of berserk rage {unknown}
 M - a potion of restore abilities {unknown}
Books
 p - a book of Enchantments

   Spells                             Type                      Level
   Tukima's Dance                     Hexes                        3
   Cause Fear                         Hexes                        4
   Silence                            Hexes/Air                    5
   Deflect Missiles                   Charms/Air                   6
   Haste                              Charms                       6
   Discord                            Hexes                        8
   Trog disapproves of the use of such an item.
 J - a book of the Sky

   Spells                             Type                      Level
   Flight                             Charms/Air                   3
   Airstrike                          Air                          4
   Silence                            Hexes/Air                    5
   Deflect Missiles                   Charms/Air                   6
   Conjure Ball Lightning             Conjuration/Air              6
   Tornado                            Air                          9
   Trog disapproves of the use of such an item.
 T - a book of Geomancy

   Spells                             Type                      Level
   Sandblast                          Earth                        1
   Stoneskin                          Transmutation/Earth          2
   Passwall                           Transmutation/Earth          3
   Stone Arrow                        Conjuration/Earth            3
   Petrify                            Transmutation/Earth          4
   Lee's Rapid Deconstruction         Earth                        5
   Trog disapproves of the use of such an item.


   Skills:
 + Level 6.4 Fighting
 + Level 8.3 Axes
 + Level 0.5(5.1) Maces & Flails
 + Level 1.4 Slings
 + Level 3.1 Bows
 + Level 7.3 Armour
 + Level 5.8 Dodging
 + Level 1.0 Stealth
 + Level 3.3 Shields


You had 8 spell levels left.
You didn't know any spells.

Dungeon Overview and Level Annotations

Branches:
Dungeon (7/15)             Temple (1/1) D:5

Altars:
Ashenzari
Cheibriados
Dithmenos
Elyvilon
Fedhas
Kikubaaqudgha
Makhleb
Nemelex Xobeh
Okawaru
Qazlal
Trog
Vehumet
Xom
Yredelemnul
Zin
The Shining One


Innate Abilities, Weirdness & Mutations

You reflexively headbutt those who attack you in melee.
You have a pair of horns on your head.


Message History

You feel yourself speed up.
* * * LOW HITPOINT WARNING * * *
You feel very sick.
The killer bee stings you but does no damage.
The killer bee closely misses you. You furiously retaliate!
You headbutt the killer bee! The killer bee stings you.
* * * LOW HITPOINT WARNING * * *
You are more poisoned.
The killer bee poisons you! The killer bee stings you.
* * * LOW HITPOINT WARNING * * *
The killer bee stings you.
* * * LOW HITPOINT WARNING * * *
You are more poisoned.
The killer bee poisons you!
The killer bee stings you but does no damage.
You are very lightly contaminated with residual magic.
* * * LOW HITPOINT WARNING * * *
You feel very sick. The killer bee stings you!
You die...

. .# .#### .
....## ..
.....$. ....
(.#.... .....
##....... #.....
##.........
##....##y@.....#
#.....y%yy.....#
.$...##<...#...#
#. #...## ..#
..###.# ... ..#
## . ###


You could see 4 killer bees.

Vanquished Creatures
  A wyvern (D:5)
  A sky beast (D:5)
  A phantom (D:4)
  3 ogres
  7 centaurs (D:6)
  Blork the orc (D:6)
  A scorpion (D:5)
  2 killer bees (D:7)
  4 crimson imps
  5 worker ants
  An iguana (D:4)
  5 orc wizards
  A statue (D:4)
  Jessica (D:2)
  A hound skeleton (D:5)
  A green rat (D:5)
  10 adders
  2 giant mites
  3 worms
  An ooze (D:2)
  12 orcs
  3 ball pythons
  2 bat zombies (D:3)
  10 goblins
  11 hobgoblins
  11 kobolds
  2 quokkas
  13 bats
  5 giant cockroaches
  4 giant geckos
  2 giant newts
  9 jackals
  A jackal skeleton (D:6)
  A kobold skeleton (D:5)
  2 orc zombies
  A quokka skeleton (D:5)
  11 rats
  3 rat zombies (D:3)
  7 ballistomycetes (D:6)
162 creatures vanquished.

Vanquished Creatures (others)
  A giant frog (D:6)
  A giant spore (D:6)
2 creatures vanquished.

Grand Total: 164 creatures vanquished

Notes
Turn   | Place    | Note
--------------------------------------------------------------
     0 | D:1      | jlowcs, the Minotaur Berserker, began the quest for the Orb.
     0 | D:1      | Reached XP level 1. HP: 19/19 MP: 1/1
   212 | D:1      | Reached skill level 4 in Axes
   232 | D:1      | Reached XP level 2. HP: 13/26 MP: 1/1
   976 | D:2      | Reached XP level 3. HP: 33/33 MP: 2/2
  1038 | D:2      | Found a snail-covered altar of Cheibriados.
  1587 | D:2      | Found a blossoming altar of Fedhas.
  1719 | D:2      | Reached XP level 4. HP: 36/40 MP: 2/2
  2063 | D:2      | Noticed Jessica
  2069 | D:2      | Killed Jessica
  2313 | D:3      | Found an ancient bone altar of Kikubaaqudgha.
  2665 | D:3      | Acquired Trog's second power
  2877 | D:3      | Reached XP level 5. HP: 46/46 MP: 2/2
  3181 | D:4      | Reached skill level 5 in Axes
  3474 | D:4      | Noticed a phantom
  3512 | D:4      | Killed a phantom
  3512 | D:4      | Reached skill level 1 in Shields
  3512 | D:4      | Reached XP level 6. HP: 25/53 MP: 3/3
  3556 | D:4      | Noticed an ogre
  3606 | D:4      | Killed an ogre
  3606 | D:4      | Reached skill level 5 in Armour
  3812 | D:4      | Found a radiant altar of Vehumet.
  4042 | D:4      | Found a burning altar of Makhleb.
  4412 | D:4      | Found a glowing silver altar of Zin.
  4416 | D:4      | Found a glowing golden altar of the Shining One.
  4416 | D:4      | Found a white marble altar of Elyvilon.
  4419 | D:4      | Reached XP level 7. HP: 60/60 MP: 3/3
  4608 | D:5      | Entered Level 5 of the Dungeon
  4795 | D:5      | Found a shattered altar of Ashenzari.
  4800 | D:5      | Saw a vision of the Swamp and the Spider Nest.
  5020 | D:5      | Noticed a wyvern
  5032 | D:5      | Killed a wyvern
  5032 | D:5      | Reached skill level 6 in Axes
  5032 | D:5      | Reached skill level 1 in Slings
  5276 | D:5      | Reached skill level 5 in Fighting
  5387 | D:5      | Reached skill level 5 in Dodging
  5678 | D:5      | Found a staircase to the Ecumenical Temple.
  5703 | Temple   | Entered the Ecumenical Temple
  5796 | D:5      | Reached XP level 8. HP: 53/68 MP: 2/3
  6002 | D:5      | Reached skill level 7 in Axes
  6397 | D:6      | Reached skill level 1 in Stealth
  6443 | D:6      | Got a bloodstained leather armour
  6527 | D:6      | Found a bloodstained altar of Trog.
  6992 | D:6      | Noticed Blork the orc
  7001 | D:6      | Killed Blork the orc
  7317 | D:6      | Reached skill level 1 in Bows
  7327 | D:6      | Reached skill level 8 in Axes
  7363 | D:6      | Reached XP level 9. HP: 60/78 MP: 4/4
  7466 | D:7      | Slain by a killer bee

Action                   |  1- 3 |  4- 6 |  7- 9 || total
-------------------------+-------+-------+-------++-------
Melee: Hand axe          |    51 |    42 |       ||    93
       Short sword       |    31 |       |       ||    31
       War axe           |       |   111 |   195 ||   306
       Mace              |       |    17 |       ||    17
 Fire: Hunting sling     |       |    15 |       ||    15
       Shortbow          |       |       |    53 ||    53
  Use: Scroll            |     5 |     3 |     6 ||    14
       Potion            |       |     4 |     3 ||     7
  Eat: Fruit             |     3 |     1 |     2 ||     6
       Chunk             |       |     7 |     4 ||    11
       Beef jerky        |       |       |     2 ||     2
       Pizza             |       |       |     1 ||     1
